 Dungeon Crawl Stone Soup version 0.22.0-6-g71bd7aa (webtiles) character file.

2286 Amnesiac the Zephyrmancer (level 9, -5/57 HPs)
             Began as a Mummy Air Elementalist on Aug 15, 2018.
             Shot with a sling bullet by Joseph (14 damage)
             ... on level 7 of the Dungeon.
             The game lasted 00:16:11 (6796 turns).

Amnesiac the Zephyrmancer (Mummy Air Elementalist)  Turns: 6796, Time: 00:16:11

Health: -5/57      AC:  3    Str: 11    XL:     9   Next: 17%
Magic:  21/21      EV: 12    Int: 17    God:
Gold:   267        SH:  0    Dex: 13    Spells: 13/25 levels left

rFire    . . .     SeeInvis .   d - +0 long sword
rCold    + . .     Gourm    .   (no shield)
rNeg     + + +     Faith    .   a - +0 robe
rPois    ∞         Spirit   .   v - +0 helmet
rElec    .         Reflect  .   r - scarf {cloud immunity}
rCorr    +         Harm     .   (no gloves)
MR       +....                  (no boots)
Stlth    ++........             (no amulet)
HPRegen  0.19/turn              q - ring of resist corrosion
MPRegen  0.17/turn              m - ring of protection from fire

@: about to teleport
A: no food or potions, fire vulnerability, cold resistance 1, negative energy
resistance 3, torment resistance, unbreathing
a: no special abilities


You were on level 7 of the Dungeon.
You were not hungry.

You visited 2 branches of the dungeon, and saw 8 of its levels.

You collected 267 gold pieces.

Inventory:

Hand Weapons
 d - a +0 long sword (weapon)
 g - the +2 hand axe of Deunle {chop, rN+ Str+3}
   (You found it on level 6 of the Dungeon)

   It inflicts extra damage upon your enemies.
   It affects your strength (+3).
   It protects you from negative energy.
 j - a +2 short sword of draining
Armour
 a - a +0 robe (worn)
 r - a scarf of cloud immunity (worn)
 s - a +0 shield
 v - a +0 helmet (worn)
 w - a +1 helmet
Jewellery
 h - an uncursed ring of flight
 m - a ring of protection from fire (right hand)
 q - a ring of resist corrosion (left hand)
 u - an uncursed ring of wizardry
Wands
 l - a wand of paralysis (18)
 n - a wand of polymorph (14)
 o - a wand of disintegration (5)
 t - a wand of iceblast (4)
 x - a wand of scattershot (3)
Scrolls
 b - a scroll of blinking {!r, unknown}
 c - 3 scrolls of identify {!r}
 e - 5 scrolls of remove curse {!r}
 f - 2 scrolls of enchant armour {!r}
 i - a scroll of immolation {!r}
 k - 2 scrolls of teleportation {!r}
 p - 2 scrolls of amnesia {!r}


   Skills:
 - Level 1.5 Dodging
 - Level 1.5 Stealth
 + Level 8.8 Spellcasting
 - Level 0.7 Conjurations
 * Level 8.8 Air Magic


You had 13 spell levels left.
You knew the following spells:

 Your Spells              Type           Power        Failure   Level  Hunger
a - Shock                 Conj/Air       ###.         1%          1    N/A
b - Lightning Bolt        Conj/Air       ###.......   36%         5    N/A
d - Airstrike             Air            #####.....   2%          4    N/A
z - Swiftness             Chrm/Air       ###.....     2%          2    N/A

Your spell library contained the following spells:

 Spells                   Type           Power        Failure   Level  Hunger
 Animate Dead             Necr           N/A          67%         4    N/A
 Pain                     Necr           #...         10%         1    N/A
 Animate Skeleton         Necr           N/A          10%         1    N/A
 Vampiric Draining        Necr           #.........   28%         3    N/A
 Regeneration             Chrm/Necr      #.........   28%         3    N/A
 Spider Form              Tmut/Pois      #.........   28%         3    N/A
 Blade Hands              Tmut           #.........   95%         5    N/A
 Ice Form                 Ice/Tmut       #.......     67%         4    N/A
 Sticks to Snakes         Tmut           #.......     14%         2    N/A
 Static Discharge         Conj/Air       ###.....     4%          3    N/A
 Beastly Appendage        Tmut           #.....       10%         1    N/A

Dungeon Overview and Level Annotations

Branches:
Dungeon (7/15)             Temple (1/1) D:5

Altars:
Ashenzari
Elyvilon
Fedhas
Gozag
Kikubaaqudgha
Okawaru
Qazlal
Ru
Sif Muna
Trog
Uskayaw
Vehumet
Wu Jian
Xom
Yredelemnul
Zin
The Shining One

Annotations:
D:7 Joseph


Innate Abilities, Weirdness & Mutations

You do not eat or drink.
Your flesh is vulnerable to fire.
You are immune to poison.
Your flesh is cold resistant. (rC+)
You are immune to negative energy. (rN+++)
You are immune to unholy pain and torment.
You can survive without breathing.


Message History

c - 7 scrolls labeled JESORPHA QOEZ {!r} (gained 1)
You open the door.
Joseph, a Mercenary comes into view.
He is wielding a quarterstaff.
There is an open door here.
Joseph shouts!
You hear an angry hiss.
An adder comes into view.
Joseph unwields an uncursed quarterstaff.
Joseph wields a runed hunting sling.
It is covered in frost.
Joseph shoots a sling bullet.
The sling bullet hits you! The sling bullet freezes you.
You see here a sling bullet.
Joseph shoots a sling bullet.
The sling bullet hits you! The sling bullet freezes you.
You see here a sling bullet.
Joseph shoots a sling bullet.
The sling bullet barely misses you.
You see here a sling bullet.
Joseph shoots a sling bullet.
The sling bullet hits you.
You see here a sling bullet.
Joseph is nearby!
There is an open door here.
There is an open door here.
Evoke which item? (* to show all) (? for menu, Esc to quit)
Okay, then.
Evoke which item? (* to show all) (? for menu, Esc to quit)
Aiming: Paralyse
Press: ? - help, Shift-Dir - straight line, f - Joseph
Aim: Joseph, wielding a hunting sling of freezing and wearing a leather armour (chance to defeat MR: 28%) Joseph easily resists.
Evoke which item? (* to show all) (? for menu, Esc to quit)
Aiming: Paralyse
Press: ? - help, Shift-Dir - straight line, f/p - Joseph
Aim: Joseph, wielding a hunting sling of freezing and wearing a leather armour (chance to defeat MR: 28%) Joseph easily resists.
Joseph says, "It's nothing personal, but I have to kill you."
Joseph shoots a sling bullet.
The sling bullet hits you! The sling bullet freezes you.
* * * LOW HITPOINT WARNING * * *
Joseph shoots a sling bullet.
The sling bullet hits you!!
* * * LOW HITPOINT WARNING * * *
The sling bullet freezes you.
* * * LOW HITPOINT WARNING * * *
You see here a sling bullet.
Okay, then.
Really read
e - 6 scrolls labeled PEUDUU UKOGHAI {!r}?
As you read the scroll labeled PEUDUU UKOGHAI {!r}, it crumbles to dust.
You feel blessed for a moment.
It was a scroll of remove curse {!r}.
Really read
c - 7 scrolls labeled JESORPHA QOEZ {!r}?
As you read the scroll labeled JESORPHA QOEZ {!r}, it crumbles to dust.
It is a scroll of identify.
g - the +2 hand axe of Deunle {chop, rN+ Str+3} Really read
k - 3 scrolls labeled QEMIVO ITZACRU {!r}?
As you read the scroll labeled QEMIVO ITZACRU {!r}, it crumbles to dust.
You feel strangely unstable.
It was a scroll of teleportation {!r}.
Really read
c - 6 scrolls of identify {!r}?
As you read the scroll of identify {!r}, it crumbles to dust.
p - 2 scrolls of amnesia {!r} Really read
c - 5 scrolls of identify {!r}?
As you read the scroll of identify {!r}, it crumbles to dust.
i - a scroll of immolation {!r} Really read
c - 4 scrolls of identify {!r}?
As you read the scroll of identify {!r}, it crumbles to dust.
f - 2 scrolls of enchant armour {!r} Joseph shoots a sling bullet.
The sling bullet hits you!
You die...

#..............##
#...............#
#...............#
###############.#
#.# ####### #.#
##....# #.#
##....# #.#
##....# #@#
##....##########(#
.'....'..@.....@.#
##....############
####### #
#############
............#
###########.#


You could see Joseph.

Vanquished Creatures
  Pikel (D:4)
  Duvessa (D:4)
  2 ice beasts
  2 slaves (D:4)
  2 centaurs (D:6)
  3 bullfrogs
  4 scorpions
  Dowan (D:4)
  4 electric eels (D:6)
  A crimson imp (D:6)
  A bullfrog zombie (D:5)
  A bullfrog skeleton (D:5)
  2 hounds
  2 orc priests
  3 iguanas
  2 orc wizards
  Ijyb (D:5)
  5 worker ants
  A hound skeleton (D:4)
  2 worker ant zombies
  10 gnolls
  9 adders
  A shadow imp (D:6)
  An adder skeleton (D:4)
  A worm (D:4)
  2 leopard geckos
  20 orcs
  3 giant cockroaches
  4 hobgoblins
  4 quokkas
  4 ball pythons
  3 bats
  A frilled lizard (D:2)
  8 goblins
  4 kobolds
  4 rats
120 creatures vanquished.

Notes
Turn   | Place    | Note
-------+----------+-------------------------------------------
     0 | D:1      | Amnesiac the Mummy Air Elementalist began the quest for the Orb.
     0 | D:1      | Reached XP level 1. HP: 13/13 MP: 4/4
   243 | D:3      | Reached XP level 2. HP: 9/19 MP: 2/5
   247 | D:3      | Learned a level 2 spell: Swiftness
   525 | D:3      | Reached XP level 3. HP: 8/24 MP: 0/8
   787 | D:4      | Reached XP level 4. HP: 29/30 MP: 4/10
   797 | D:4      | Learned a level 4 spell: Airstrike
   905 | D:4      | Noticed Dowan
   913 | D:5      | Entered Level 5 of the Dungeon
   933 | D:5      | Reached skill level 5 in Spellcasting
  1019 | D:5      | Reached XP level 5. HP: 20/35 MP: 4/13
  1228 | D:5      | Noticed Ijyb
  1999 | D:4      | Noticed an ice beast
  2006 | D:4      | Killed an ice beast
  2006 | D:4      | Reached XP level 6. HP: 40/41 MP: 2/15
  2013 | D:4      | Learned a level 5 spell: Lightning Bolt
  2215 | D:4      | Reached skill level 5 in Air Magic
  2458 | D:4      | Noticed a slave
  2474 | D:4      | Killed a slave
  2516 | D:4      | Noticed Pikel
  2517 | D:4      | Noticed a slave
  2540 | D:4      | Killed a slave
  2545 | D:4      | Killed Pikel
  2545 | D:4      | Reached XP level 7. HP: 22/46 MP: 2/16
  2733 | D:4      | Noticed Duvessa
  2755 | D:4      | Killed Dowan
  2755 | D:4      | Reached XP level 8. HP: 9/52 MP: 8/18
  2755 | D:4      | Killed Duvessa
  3231 | D:5      | Killed Ijyb
  3728 | D:5      | Found a staircase to the Ecumenical Temple.
  3765 | Temple   | Entered the Ecumenical Temple
  5846 | D:6      | Reached XP level 9. HP: 35/57 MP: 13/21
  5913 | D:6      | Got a bloodstained hand axe
  6437 | D:7      | Found a basalt altar of Yredelemnul.
  6734 | D:7      | Noticed Joseph
  6792 | D:7      | Identified the +2 hand axe of Deunle {chop, rN+ Str+3} (You found it on level 6 of the Dungeon)
  6796 | D:7      | Shot with a sling bullet by Joseph

Skill      XL: |  1  2  3  4  5  6  7  8 |
---------------+-------------------------+-----
Air Magic      | 3 4 6 8 |  8.8
Spellcasting   | 4 6 8 |  8.8
Dodging        | |  1.5
Stealth        | |  1.5
Conjurations   | |  0.7

Action                   |  1- 3 |  4- 6 |  7- 9 || total
-------------------------+-------+-------+-------++-------
Melee: Long sword        |     8 |     2 |     2 ||    12
 Cast: Shock             |    27 |   103 |   174 ||   304
       Airstrike         |       |     5 |    20 ||    25
Evoke: Wand              |       |       |     2 ||     2
  Use: Scroll            |       |       |     6 ||     6
Armor: Robe              |     6 |     4 |     6 ||    16
Dodge: Dodged            |    23 |    37 |    43 ||   103
       Rpst.: Long sword |     7 |    12 |    10 ||    29
